 Dungeon Crawl Stone Soup version 0.31-a0-233-g139696dc86 (webtiles) character file.

Game seed: 997841093809724751

100 qw the Shooter (level 4, -3/36 HPs)
             Began as a Minotaur Hexslinger on July 9, 2023.
             Slain by an orc priest
             ... wielding a +0 hand axe
              (5 damage)
             ... on level 3 of the Dungeon.
             The game lasted 00:00:49 (2177 turns).

qw the Shooter (Minotaur Hexslinger)                Turns: 2177, Time: 00:00:49

Health: -3/36      AC:  6    Str: 13    XL:     4   Next: 46%
Magic:  4/4        EV: 12    Int: 10    God:
Gold:   171        SH:  0    Dex: 14    Spells: 4/5 levels left

rFire   . . .        Y - +1 sling
rCold   + . .        (no shield)
rNeg    . . .        j - +2 robe {Will+}
rPois   .            (helmet restricted)
rElec   .            (no cloak)
rCorr   .            (no gloves)
SInv    .            e - +1 pair of boots
Will    +....        (no amulet)
Stlth   +            g - ring of protection from cold
HPRegen 0.26/turn    (no ring)
MPRegen 0.09/turn

%: no passive effects
@: no status effects
A: horns 2, retaliatory headbutt
a: no special abilities


You were on level 3 of the Dungeon.
You visited 1 branch of the dungeon, and saw 4 of its levels.

You collected 171 gold pieces.


Innate Abilities, Weirdness & Mutations

You have a pair of horns on your head.
You reflexively headbutt those who attack you in melee.


   Skills:
 + Level 2.0 Fighting
 - Level 5.0 Ranged Weapons
 - Level 2.1 Dodging
 - Level 1.0 Spellcasting
 - Level 2.0 Hexes


You had 4 spell levels left.
You knew the following spells:

 Your Spells              Type           Power      Damage    Failure   Level
a - Slow                  Hex            16%        N/A       16%         1

Your spell library contained the following spells:

 Spells                   Type           Power      Damage    Failure   Level
 Inner Flame              Hex/Fire       2%         N/A       56%         3
 Portal Projectile        Hex/Tloc       4%         N/A       56%         3
 Cause Fear               Hex            2%         N/A       83%         4

Inventory:

Hand Weapons
 Y - a +1 sling (weapon)
Armour
 e - a +1 pair of boots (worn)
 j - a +2 robe of willpower (worn)
Jewellery
 g - a ring of protection from cold (left hand)
Scrolls
 f - a scroll of identify
Potions
 d - a potion of enlightenment
 h - a potion of haste {unknown}
 i - a potion of curing

Dungeon Overview and Level Annotations

Branches:
Dungeon (4/15)
 Temple: D:4-7

Altars:
Cheibriados


Message History

You shoot a sling bullet.
The sling bullet completely misses the orc priest.
The orc priest closely misses you. You furiously retaliate!
You headbutt the orc priest.
The orc priest hits you but does no damage.
You shoot a sling bullet.
The sling bullet barely misses the orc priest.
The orc priest closely misses you. You furiously retaliate!
You headbutt the orc priest, but do no damage.
The orc priest hits you with a +0 dagger.
You shoot a sling bullet.
The sling bullet barely misses the orc priest.
The orc priest misses you. The orc priest barely misses you.
You shoot a sling bullet. The sling bullet hits the orc priest.
The orc priest is severely wounded.
The orc priest hits you with a +0 hand axe.
The orc priest hits you with a +0 dagger.
You shoot a sling bullet. The sling bullet hits the orc priest.
You kill the orc priest!
The orc priest calls down the wrath of Beogh upon you.
You resist with some effort.
The orc priest hits you with a +0 hand axe.
Your Ranged Weapons skill increases to level 5!
You shoot a sling bullet.
The sling bullet hits the orc priest but does no damage.
The orc priest is lightly wounded.
The orc priest hits you with a +0 hand axe.
You shoot a sling bullet.
The sling bullet barely misses the orc priest.
The orc priest hits you but does no damage.
You shoot a sling bullet.
The sling bullet closely misses the orc priest.
The orc priest barely misses you.
You shoot a sling bullet. The sling bullet hits the orc priest.
The orc priest is heavily wounded.
The orc priest hits you with a +0 hand axe.
You shoot a sling bullet.
The sling bullet barely misses the orc priest.
The orc priest hits you with a +0 hand axe.
You die...

### ########### #.#####
#.........# ###.#...# #.#######.#
#...#.#.# #.#.....#.# #.#.#.#.#
#.#.......# #.#.#.#.#
..#####.################.#.#.#.#
...............)@#.....#.#...#.#
..#####.###.####o#.###.#.#.#.#.#
..# #.# #.# #.#.#<........#.# #.#
#.# #.####.#.###.#.###)#.# #.#
#.# #........# #.#.....#.# #.#
#.########.### #.#######.# #.#
#..........# #.........#
#.##############.################
#.##.........#...##.............#


You could see an orc priest.

Vanquished Creatures
  An orc priest (D:3)
  An adder (D:4)
  A worm (D:3)
  A dart slug (D:3)
  2 orcs (D:4)
  3 ball pythons
  4 endoplasms
  4 giant cockroaches
  3 goblins
  2 hobgoblins
  6 jackals
  3 quokkas
  5 bats
  5 frilled lizards
  8 kobolds
  5 rats
54 creatures vanquished.

Notes
Turn   | Place    | Note
-------+----------+-------------------------------------------
     0 | D:1      | qw the Minotaur Hexslinger began the quest for the Orb.
     0 | D:1      | Reached XP level 1. HP: 16/16 MP: 1/1
     0 | D:1      | 0 ||| qw: Version: 0.3-a-51-g015441d
     0 | D:1      | 0 ||| qw: Game counter: 3973
     0 | D:1      | 0 ||| qw: Melee chars always use a shield: true
     0 | D:1      | 0 ||| qw: God list: Okawaru
     0 | D:1      | 0 ||| qw: Allow faded altars: false
     0 | D:1      | 0 ||| qw: Do Orc after clearing Dungeon:15 true
     0 | D:1      | 0 ||| qw: Do second Lair branch before Depths: true
     0 | D:1      | 0 ||| qw: Lair rune preference: random
     0 | D:1      | 0 ||| qw: Goals: Normal
     0 | D:1      | 0 ||| PLANNING D:1-11
   150 | D:1      | Reached skill level 3 in Ranged Weapons
   150 | D:1      | Reached XP level 2. HP: 23/23 MP: 2/2
   213 | D:1      | Found a faded altar of an unknown god.
   492 | D:1      | 492 ||| UPGRADING to +1 pair of boots.
   497 | D:1      | 497 ||| UPGRADING to +2 robe of willpower.
   507 | D:1      | 507 ||| DROPPING +0 robe.
   508 | D:1      | 508 ||| READING scroll labelled NOXU EL EJUERI.
   509 | D:1      | 509 ||| READING scroll labelled MUEXTE PUTTUWO.
   510 | D:1      | 510 ||| DROPPING scroll of poison.
   570 | D:2      | Reached XP level 3. HP: 29/29 MP: 3/3
  1146 | D:2      | 1146 ||| UPGRADING to ring of protection from cold.
  1147 | D:2      | 1147 ||| READING 4 scrolls labelled FICWEBR VIUGO.
  1148 | D:2      | 1148 ||| DRINKING 2 lumpy white potions.
  1149 | D:2      | 1149 ||| DRINKING 2 silvery potions.
  1150 | D:2      | 1150 ||| READING 3 scrolls of identify.
  1150 | D:2      | 1150 ||| IDENTIFYING inky potion
  1151 | D:2      | 1151 ||| READING 2 scrolls of identify.
  1151 | D:2      | 1151 ||| IDENTIFYING brown potion
  1152 | D:2      | 1152 ||| DROPPING potion of invisibility.
  1153 | D:2      | 1153 ||| DROPPING potion of magic.
  1154 | D:2      | 1154 ||| DROPPING potion of attraction.
  1338 | D:3      | Reached skill level 4 in Ranged Weapons
  1837 | D:3      | Found a snail-covered altar of Cheibriados.
  2007 | D:3      | 2007 ||| DRINKING 2 black potions.
  2049 | D:4      | 2049 ||| FLEEEEING.
  2050 | D:4      | 2050 ||| FLEEEEING.
  2051 | D:4      | 2051 ||| STAIRDANCE
  2071 | D:4      | 2071 ||| STAIRDANCE
  2099 | D:4      | Reached XP level 4. HP: 19/36 MP: 4/4
  2099 | D:4      | 2099 ||| STAIRDANCE
  2166 | D:4      | 2166 ||| STAIRDANCE
  2172 | D:3      | HP: 8/36 [orc priest/+0 hand axe (3)]
  2173 | D:3      | Reached skill level 5 in Ranged Weapons
  2173 | D:3      | HP: 2/36 [orc priest/+0 hand axe (6)]
  2177 | D:3      | Slain by an orc priest

Levels and vault maps discovered:
D:1:      lightli_arrival_statuegarden, layout_basic, basic_ecumenical_altar
D:2:      layout_loops_cross
D:3:      layout_basic, cheibriados_altar_1
D:4:      dreamdust_elfheim, layout_rooms, nicolae_tso_besieged_by_evil,
          grunt_gozag_breadcrumbs, general_overflow_altar,
          grunt_dithmenos_smoke, lemuel_crystal_altar,
          minmay_temple_entry_statues_fountains

Skill      XL: |  1  2  3  4 |
---------------+-------------+-----
Ranged Weapons | 3 4 5 |  5.0
Fighting       | 2 |  2.0
Dodging        | |  2.1
Spellcasting   | |  1.0
Hexes          | |  2.0

Action                     |  1- 3 |  4- 6 || total
---------------------------+-------+-------++-------
   Fire: Sling             |   167 |    13 ||   180
    Use: Scroll            |     5 |       ||     5
         Potion            |     3 |       ||     3
 Armour: Robe              |    22 |     3 ||    25
  Dodge: Dodged            |    72 |     7 ||    79

Table legend:
 A = Non-vault XP
 B = Vault XP
 C = Vault XP percentage of total XP
 D = Non-vault monster count
 E = Vault monster count
 F = Vault count percentage of total count
                 A         B        C        D         E       F
            +---------+---------+-------+---------+---------+-------
      Total |     143 |       0 |   0.0 |      54 |       0 |   0.0
            +---------+---------+-------+---------+---------+-------
        D:1 |      40 |       0 |   0.0 |      25 |       0 |   0.0
        D:2 |      12 |       0 |   0.0 |       9 |       0 |   0.0
        D:3 |      68 |       0 |   0.0 |      15 |       0 |   0.0
        D:4 |      23 |       0 |   0.0 |       5 |       0 |   0.0
            +---------+---------+-------+---------+---------+-------
